 Dungeon Crawl Stone Soup version 0.30-a0-782-ge64f9170bb (webtiles) character file.

Game seed: 11461673511160658264

75 Barriton the Gusty (level 4, -5/33 HPs)
             Began as a Draconian Air Elementalist on Feb 20, 2023.
             Was an Initiate of Vehumet.
             Killed from afar by Natasha (6 damage)
             ... with a magic dart
             ... on level 3 of the Dungeon.
             The game lasted 00:05:36 (2276 turns).

Barriton the Gusty (Draconian Air Elementalist)     Turns: 2276, Time: 00:05:36

Health: -5/33      AC:  5    Str: 11    XL:     4   Next: 11%
Magic:  1/7        EV: 12    Int: 17    God:    Vehumet [......]
Gold:   91         SH:  0    Dex: 11    Spells: 5/8 levels left

rFire   . . .      SeeInvis .    (no weapon)
rCold   . . .      Faith    .    (no shield)
rNeg    . . .      Spirit   .    (body armour unavailable)
rPois   .          Reflect  .    (helmet restricted)
rElec   .          Harm     .    (no cloak)
rCorr   .          Rampage  .    (no gloves)
Will    .....                    (no boots)
Stlth   ++                       (no amulet)
HPRegen 0.25/turn                (no ring)
MPRegen 0.10/turn                (no ring)

@: slowed, very slow
A: AC +5, unfitting armour, cold-blooded
a: Renounce Religion


You were on level 3 of the Dungeon.
You worshipped Vehumet.
Vehumet was noncommittal.
You visited 1 branch of the dungeon, and saw 3 of its levels.

You collected 91 gold pieces.

Inventory:

Wands
 e - a wand of flame (24)
Scrolls
 d - a scroll of silence {unknown}
Potions
 a - a potion of magic
 b - 2 potions of haste {unknown}
 c - 2 potions of heal wounds
 f - a potion of lignification {unknown}
 g - a potion of mutation {unknown}


   Skills:
 + Level 2.6 Dodging
 + Level 2.0 Stealth
 + Level 2.5 Spellcasting
 + Level 1.4 Conjurations
 + Level 3.8 Air Magic


You had 5 spell levels left.
You knew the following spells:

 Your Spells              Type           Power      Damage    Failure   Level
a - Shock                 Conj/Air       40%        1d5       6%          1
b - Static Discharge      Conj/Air       20%        2-3/arc   10%         2

Your spell library contained the following spells:

 Spells                   Type           Power      Damage    Failure   Level
 Swiftness                Air            15%        N/A       12%         3
 Airstrike                Air            7%         2d(2-18)  36%         4


Dungeon Overview and Level Annotations

Branches:
Dungeon (3/15)

Altars:
Vehumet

Annotations:
D:3 Natasha


Innate Abilities, Weirdness & Mutations

Your plain brown scales are hard. (AC +5)
You cannot fit into any form of body armour.
You are cold-blooded and may be slowed by cold attacks.


Message History

Confirm with . or Enter, or press ? or * to list all spells.
Aiming: Shock (safe; 6% risk of failure)
Press: ? - help, Shift-Dir - straight line, f/p - Natasha
Aim: Natasha (severely wounded, 60% to hit)
The zap misses Natasha.
Natasha closely misses you.
You hit Natasha but do no damage.
Natasha is severely wounded.
Natasha stares at you and mumbles some strange words.
The magic dart hits you!
You hit Natasha.
Natasha is severely wounded.
Natasha claws you.
You hit Natasha.
Natasha is almost dead.
Natasha casts a spell at you. The magic dart hits you.
Natasha attacks as you move away! Natasha claws you.
Natasha attacks as you move away! Natasha closely misses you.
Natasha casts a spell.
The shadow imp shouts!
Natasha casts a spell at you.
You feel yourself slow down.
Natasha casts a spell.
The shadow imp hits you. Natasha claws you!
* * * LOW HITPOINT WARNING * * *
The crimson imp blinks!
The shadow imp attacks as you move away!
The shadow imp barely misses you. Natasha attacks as you move away!
Natasha completely misses you.
Natasha mumbles some strange words.
The crimson imp blinks!
The shadow imp barely misses you.
The shadow imp attacks as you move away!
The shadow imp hits you.
* * * LOW HITPOINT WARNING * * *
Natasha attacks as you move away! Natasha claws you.
* * * LOW HITPOINT WARNING * * *
Natasha stares at you and mumbles some strange words.
The magic dart hits you.
You die...

#.....##...#
#..........#
#...#......#
######...†......#
......(#(_.#....#
......5.........+
.........#5.....#
........h.5....##
.......@#..§...#
........########
........# #<#
........# #.#
#..# ........###
#.# #..
....)...'.####.#
#.#
........#...##.#
#.#
........###..#.#
#.#
...............#
#.#


You could see Natasha, 2 crimson imps and a shadow imp (summoned).

Vanquished Creatures
  A gnoll (D:1)
  2 adders (D:2)
  A worm (D:2)
  A dart slug (D:1)
  9 bats
  6 endoplasms
  4 giant cockroaches
  4 goblins
  2 hobgoblins
  A quokka (D:2)
  A ball python (D:1)
  2 frilled lizards
  7 kobolds
  3 rats
44 creatures vanquished.

Notes
Turn   | Place    | Note
-------+----------+-------------------------------------------
     0 | D:1      | Barriton the Draconian Air Elementalist began the quest for
                  | the Orb.
     0 | D:1      | Reached XP level 1. HP: 14/14 MP: 3/3
   254 | D:1      | Reached XP level 2. HP: 20/20 MP: 0/5
   257 | D:1      | Learned a level 2 spell: Static Discharge
   733 | D:1      | Reached XP level 3. HP: 21/26 MP: 0/6
  1847 | D:2      | Reached XP level 4. HP: 33/33 MP: 5/7
  2242 | D:3      | Found a radiant altar of Vehumet.
  2247 | D:3      | Noticed Natasha
  2254 | D:3      | Became a worshipper of Vehumet
  2276 | D:3      | HP: 1/33 [Natasha (3)]
  2276 | D:3      | Killed from afar by Natasha

Illustrated notes

Levels and vault maps discovered:
D:1:      reono_arrival_forest_river, layout_basic
D:2:      layout_rooms
D:3:      layout_basic, fedhas_altar_1, vehumet_altar_wand_db,
          mainiacjoe_overflow_six_doors_small, minmay_misc_feat_enclosed,
          minmay_tree_intersection, guppyfry_early_lair_pool, uniq_natasha,
          uniq_sigmund

Skill      XL: |  1  2 |
---------------+-------+-----
Dodging        | 2 |  2.6
Stealth        | 2 |  2.0
Spellcasting   | |  2.5
Conjurations   | |  1.4
Air Magic      | |  3.8

Action                     |  1- 3 |  4- 6 || total
---------------------------+-------+-------++-------
  Melee: Unarmed           |    23 |     8 ||    31
         Tailslap          |     5 |     1 ||     6
         Punch             |       |     1 ||     1
   Cast: Shock             |    73 |    27 ||   100
         Static Discharge  |     4 |     1 ||     5
  Evoke: Wand              |       |     1 ||     1
    Use: Scroll            |     7 |     2 ||     9
 Armour: Skin              |    12 |     4 ||    16
  Dodge: Dodged            |    27 |    27 ||    54

Table legend: (Time is in decaauts)
 A = Elapsed time spent in this place.
 B = Non-inter-level travel time spent in this place.
 C = Inter-level travel time spent in this place.
 D = Time resting spent in this place.
 E = Time spent auto-exploring this place.
 F = Levels seen in this place.
 G = Mean time per level.
                   A        B        C        D        E       F      G
               +--------+--------+--------+--------+--------+-----+--------+
         Total |   2284 |   2274 |     10 |      0 |   1969 |   3 |  761.3 |
       Dungeon |   2284 |   2274 |     10 |      0 |   1969 |   3 |  761.3 |
               +--------+--------+--------+--------+--------+-----+--------+

Top non-repeatable levels by time:
     D:1: 1173 daAuts
     D:2: 834 daAuts
     D:3: 276 daAuts
